 Dungeon Crawl Stone Soup version 0.31.0-10-gcf4a605ca0 (webtiles) character file.

Game seed: 3606637914807661875

159862 Armakuni the Fetichist (level 17, 0/102 HPs)
             Began as a Deep Elf Gladiator on Jan 25, 2024.
             Was a Priest of Elyvilon.
             Slain by a spark wasp (12 damage)
             ... on level 4 of the Spider Nest on Jan 26, 2024.
             The game lasted 01:49:15 (28561 turns).

Armakuni the Fetichist (Deep Elf Gladiator)        Turns: 28561, Time: 01:49:16

Health: 0/102      AC: 23    Str: 19    XL:     17   Next: 17%
Magic:  19/30      EV: 15    Int: 23    God:    Elyvilon [***...]
Gold:   689        SH: 11    Dex: 19    Spells: 6/29 levels left

rFire   + . .        a - +9 staff of Olgreb {rPois∞}
rCold   . . .        e - +0 buckler
rNeg    + . .        O - +5 scale mail "Nesu" {Dex+3}
rPois   ∞            x - +2 hat {Int+3}
rElec   .            o - +1 cloak
rCorr   .            (no gloves)
SInv    .            j - +0 pair of boots
Will    +....        H - amulet of reflection Stlth
                     A - +4 ring of protection
HPRegen 0.37/turn    N - ring "Wuhaseitz" {Fly rF+ rN+ Str+6}
MPRegen 0.22/turn

%: reflection
@: flying
A: no striking features
a: Renounce Religion, Evoke the Staff of Olgreb, Purification, Heal Other, Heal
Self


You were on level 4 of the Spider Nest.
You worshipped Elyvilon.
Elyvilon was most pleased with you.
You visited 5 branches of the dungeon, and saw 27 of its levels.
You also visited: Sewer and Gauntlet.

You collected 2086 gold pieces.
You spent 1397 gold pieces at shops.

Inventory:

Hand Weapons
 a - the +9 staff of Olgreb (weapon) {rPois∞}
   (You found it in a Gauntlet)

   Radiate:   It can be activated via the 'a'bility menu to radiate toxic
   energy, with effectiveness depending on Evocations skill.
   Alch:      It enhances your alchemy magic.
   rPois∞: It grants immunity to poison.
Missiles
 c - 6 curare-tipped darts
 g - 7 throwing nets
Armour
 e - a +0 buckler (worn)
 j - a +0 pair of boots (worn)
 o - a +1 cloak (worn)
 x - a +2 hat of intelligence (worn)
 B - +0 acid dragon scales
 O - the +5 scale mail "Nesu" (worn) {Dex+3}
   (You found it on level 13 of the Dungeon)

   Dex+3:     It affects your dexterity (+3).
Magical Staves
 V - a staff of cold
Jewellery
 A - a +4 ring of protection (left hand)
 H - an amulet of reflection (around neck)
 I - a ring of see invisible
 L - a ring of fire
 M - the amulet "Vousaidi" {RegenMP Dex+5}
   (You found it in a Gauntlet)

   [amulet of magic regeneration]

   RegenMP:   It increases your rate of magic regeneration.
   Dex+5:     It affects your dexterity (+5).
 N - the ring "Wuhaseitz" (right hand) {Fly rF+ rN+ Str+6}
   (You found it in a Gauntlet)

   [ring of strength]

   Str+6:     It affects your strength (+6).
   rF+:       It protects you from fire.
   rN+:       It protects you from negative energy.
   Fly:       It grants you flight.
 P - a ring of poison resistance
 U - an amulet of faith
Wands
 k - a wand of digging (3)
 l - a wand of charming (34)
Scrolls
 b - a scroll of brand weapon
 f - 3 scrolls of fog
 h - 2 scrolls of amnesia
 i - 2 scrolls of revelation
 n - 2 scrolls of noise
 q - 2 scrolls of silence
 s - 4 scrolls of enchant weapon
 v - 5 scrolls of identify
 w - 5 scrolls of vulnerability
 y - 7 scrolls of teleportation
 E - a scroll of enchant armour
 F - 2 scrolls of blinking
 G - 2 scrolls of fear
 K - a scroll of butterflies
 W - a scroll of poison
Potions
 d - 5 potions of enlightenment
 m - 3 potions of attraction
 p - 4 potions of heal wounds
 r - 3 potions of lignification
 u - a potion of haste
 z - 4 potions of cancellation
 C - a potion of brilliance
 Q - a potion of berserk rage
 R - 5 potions of curing
 X - 6 potions of mutation
Miscellaneous
 t - a tin of tremorstones (inert)


   Skills:
 - Level 10.0 Fighting
 - Level 12.0 Staves
 - Level 2.0 Throwing
 - Level 9.1 Armour
 - Level 10.0 Dodging
 - Level 4.0 Shields
 + Level 6.7 Spellcasting
 + Level 4.2 Hexes
 - Level 14.0 Summonings
 - Level 15.0 Invocations
 - Level 15.0 Evocations


You had 6 spell levels left.
You knew the following spells:

 Your Spells              Type           Power      Damage    Failure   Level
a - Apportation           Tloc           14%        N/A       26%         1
b - Blink                 Tloc           14%        N/A       36%         2
k - Call Canine Familiar  Summ           64%        N/A       1%          3
l - Lesser Beckoning      Tloc           14%        N/A       36%         2
m - Monstrous Menagerie   Summ           32%        N/A       56%         7
o - Teleport Other        Tloc           7%         N/A       58%         3
v - Summon Mana Viper     Hex/Summ       49%        N/A       17%         5

Your spell library contained the following spells:

 Spells                   Type           Power      Damage    Failure   Level
 Summon Small Mammal      Summ           100%       N/A       1%          1
 Call Imp                 Summ           100%       N/A       1%          2
 Summon Ice Beast         Ice/Summ       39%        N/A       4%          3
 Sigil of Binding         Hex            27%        N/A       13%         3
 Foxfire                  Conj/Fire      28%        2x1d5     26%         1
 Magic Dart               Conj           28%        1d4       26%         1
 Necrotise                Necr           28%        1d5       26%         1
 Sting                    Conj/Alch      44%        1d5       26%         1
 Momentum Strike          Conj/Tloc      14%        3d8       36%         2
 Frozen Ramparts          Ice            14%        1d3       58%         3
 Gell's Gravitas          Tloc           7%         N/A       58%         3
 Dimensional Bullseye     Hex/Tloc       8%         N/A       71%         4
 Leda's Liquefaction      Alch/Erth      5%         N/A       94%         4
 Petrify                  Alch/Erth      11%        N/A       94%         4
 Metabolic Englaciation   Hex/Ice        8%         N/A       96%         5
 Dispersal                Tloc           3%         N/A       100%        6
 Plasma Beam              Fire/Air       3%         2x1d13    100%        6
 Starburst                Conj/Fire      3%         6d3       100%        6
 Chain Lightning          Conj/Air       3%         3d4       100%        9
 Fire Storm               Conj/Fire      3%         8d1       100%        9
 Shatter                  Erth           3%         3d7*      100%        9


Dungeon Overview and Level Annotations

Branches:
Dungeon (15/15)            Temple (1/1) D:5            Lair (5/5) D:8
 Shoals (0/4) Lair:3       Spider (4/4) Lair:2        Slime (0/5) Lair:5
    Orc (2/2) D:11            Elf (0/3) Orc:2        Vaults (0/5) D:13
 Depths (0/4) D:15          Sewer (visited)         Gauntlet (visited)

Altars:
Ashenzari
Cheibriados
Dithmenos
Elyvilon
Fedhas
Gozag
Hepliaklqana
Kikubaaqudgha
Makhleb
Nemelex Xobeh
Okawaru
Qazlal
Ru
Sif Muna
Trog
Uskayaw
Vehumet
Wu Jian
Xom
Yredelemnul
Zin
The Shining One
Jiyva

Shops:
D:4 (   D:14 :   Orc:2 (:?(:(

Annotations:
D:3 Eustachio
D:6 2 transporters, sanka's ghost, novice TrSh
D:15 exclusion: obsidian statue
Orc:2 1 runed translucent door, Solx's ghost, journeyman FoHu


Message History

You are more confused.
The jorogumo hits you but does no damage.
The meliai completely misses your mana viper.
The meliai barely misses your mana viper.
The web tears apart.
The tarantella touches your mana viper!
Your mana viper bites the meliai!
The tarantella touches you but does no damage.
The meliai closely misses your mana viper.
The meliai stings your mana viper. The jorogumo hits you.
The tarantella closely misses your mana viper.
The meliai barely misses your mana viper.
The meliai stings your mana viper! The tarantella closely misses you.
Your mana viper bites the meliai.
You bump into the rock wall.
The meliai hits your mana viper with a +0 war axe!
The meliai closely misses your mana viper.
The tarantella completely misses your mana viper.
The jorogumo hits you.
Your mana viper closely misses the meliai.
The meliai hits your mana viper with a +0 war axe.
Your mana viper dies!
Your mana viper disappears in a puff of smoke!
The meliai buzzes angrily.
You hit the jorogumo.
You envenom the jorogumo.
The jorogumo looks even sicker.
The jorogumo is severely wounded.
You hear a faint skittering sound.
The jorogumo casts a spell at you. The bolt of negative energy misses you.
The spark wasp stings you! The spark wasp shocks you!
You are too confused!
Unknown command.
Unknown command.
You feel purified!
The meliai calls down the wrath of its god upon you.
Something smites you!
* * * LOW HITPOINT WARNING * * *
The spark wasp stings you!
* * * LOW HITPOINT WARNING * * *
The spark wasp shocks you!
You die...

##^...##...^....#..#.
#...^......#..#...#.
###........#....#...
#.....##..<...###.#
##.......^#...^..^#.
#.....#.....^#......
#######...^.....#..#
######..........#.
#@y####.##........
#^#Hss......#...#.#
##.###y........##...
#.. #........#..
.....##.........
....°.Hs..........
##.....##..^.......
##... ........^.# ##.
#.........#


You could see a jorogumo (very poisoned), a spark wasp (very poisoned), 2
tarantellas and a meliai (poisoned).

Vanquished Creatures
  Mlioglotl (Spider:2)
  Jorgrun (Orc:2)
  A fire giant (D:15)
  3 emperor scorpions
  4 ghost moths
  An ironbound preserver (D:13)
  2 broodmothers
  5 entropy weavers
  9 hydras
  2 centaur warriors
  A catoblepas (Lair:4)
  3 boulder beetles
  5 two-headed ogres
  5 death yaks
  11 demonic crawlers
  3 tengu warriors
  4 orc high priests
  Sonja (Lair:4)
  A fire crab (Lair:5)
  Amaemon (D:11)
  4 pharaoh ants
  A fire crab (shapeshifter) (D:15)
  4 skeletal warriors (D:15)
  6 orb spiders
  3 steelbarb worms
  3 sun moths
  4 orc knights
  2 deep elf pyromancers
  9 wolf spiders
  14 ugly things
  3 manticores
  7 cyclopes
  5 orc sorcerers (Orc:2)
  A moth of wrath (Spider:1)
  2 kobold blastminers (Orc:2)
  5 black mambas
  3 meliai (Spider:1)
  An orange demon (D:11)
  3 molten gargoyles (Lair:5)
  24 elephants
  7 cane toads
  A gargoyle (D:12)
  6 torpor snails
  A minotaur zombie (Gauntlet)
  4 kobold demonologists
  2 rime drakes
  An unseen horror (D:12)
  12 komodo dragons
  2 tengu conjurers (D:15)
  2 efreet
  3 red devils (Orc:2)
  3 polar bears
  6 trolls
  4 hornets (Lair:3)
  A raiju (shapeshifter) (D:14)
  31 tarantellas
  20 blink frogs
  6 dream sheep (Lair:5)
  4 shadows
  A wraith (D:11)
  21 jumping spiders
  8 slime creatures
  23 culicivoras
  3 vampires
  A hog (shapeshifter) (D:14)
  A wyvern (shapeshifter) (D:15)
  5 wyverns
  2 fire elementals
  3 basilisks
  64 yaks
  A warg (Orc:1)
  64 redbacks
  4 steam dragons
  21 vampire mosquitoes
  An acid dragon (D:8)
  13 water moccasins
  4 hell hounds
  5 black bears
  17 orc warriors
  2 ice beasts (D:7)
  3 ogres
  17 wolves
  10 centaurs
  2 phantoms
  6 kobold brigands
  5 gnoll sergeants
  6 scorpions
  8 bullfrogs
  3 wights (D:8)
  8 killer bees (D:9)
  5 howler monkeys
  2 electric eels (Spider:1)
  3 lava snakes (Lair:5)
  A quasit (Sewer)
  7 hounds
  10 jellies
  Crazy Yiuf (D:7)
  A gnoll bouda (Lair:5)
  16 orc priests
  A sleepcap (D:6)
  2 iguanas
  18 orc wizards
  21 gnolls
  12 adders
  7 shadow imps
  2 ufetubi (D:6)
  3 dart slugs
  A ribbon worm (D:2)
  53 orcs
  5 endoplasms
  2 giant cockroaches
  4 goblins
  8 hobgoblins
  4 quokkas
  11 ball pythons
  6 bats
  7 frilled lizards
  37 kobolds
  6 rats
872 creatures vanquished.

Vanquished Creatures (collateral kills)
  Gastronok (Lair:2)
  Azrael (Spider:3)
  A hydra (D:13)
  A demonic crawler (Spider:4)
  A lindwurm (Lair:3)
  2 blink frogs
  A jumping spider (Spider:4)
  3 basilisks
  A fire elemental (Spider:2)
  A yak (Lair:4)
  A vampire mosquito (D:15)
  Grum (D:8)
  2 water moccasins
  2 black bears
  A centaur (D:8)
  3 wolves
  A bullfrog (D:8)
  A wight (D:8)
  An electric eel (Lair:3)
  3 hounds (D:8)
  A jelly (D:8)
  A gnoll bouda (D:8)
  An orc wizard (Orc:2)
  2 gnolls (D:8)
  A jackal (D:8)
35 creatures vanquished.

Vanquished Creatures (others)
  An orb spider (Spider:3)
  2 orc knights (Orc:2)
  A black mamba (Lair:5)
  Psyche (D:8)
  Prince Ribbit (D:7)
  A redback (Spider:2)
  An acid dragon (D:7)
  A wight (D:8)
  An orc wizard (Orc:2)
10 creatures vanquished.

Grand Total: 917 creatures vanquished

Notes
Turn   | Place    | Note
-------+----------+-------------------------------------------
     0 | D:1      | Armakuni the Deep Elf Gladiator began the quest for the
                  | Orb.
     0 | D:1      | Reached XP level 1. HP: 12/12 MP: 3/3
   179 | D:1      | Reached XP level 2. HP: 16/17 MP: 4/4
   773 | D:2      | Reached XP level 3. HP: 22/22 MP: 5/5
   909 | D:2      | Found a faded altar of an unknown god.
  1457 | D:3      | Reached XP level 4. HP: 15/28 MP: 6/6
  1660 | D:3      | Noticed a scorpion
  1672 | D:3      | Killed a scorpion
  1673 | D:3      | Reached XP level 5. HP: 29/33 MP: 7/7
  2252 | D:3      | Found a snail-covered altar of Cheibriados.
  2312 | D:3      | Found a broken altar of Ashenzari.
  2491 | D:4      | Noticed Eustachio
  2629 | D:4      | Reached XP level 6. HP: 28/39 MP: 8/8
  2637 | D:4      | Found a stormy altar of Qazlal.
  2794 | D:4      | Found a glowing drain.
  2798 | Sewer    | Entered a sewer
  3021 | Sewer    | Reached skill level 5 in Fighting
  3021 | Sewer    | Reached skill level 5 in Staves
  3046 | Sewer    | Reached XP level 7. HP: 31/44 MP: 9/9
  3050 | Sewer    | Reached skill level 5 in Dodging
  3062 | Sewer    | Learned a level 2 spell: Blink
  3065 | Sewer    | Learned a level 2 spell: Lesser Beckoning
  3093 | Sewer    | Found a burning altar of Makhleb.
  3243 | D:4      | Found Rir Nupro's Antique Weapon Shop.
  3279 | D:4      | Reached skill level 1 in Armour
  3851 | D:5      | Entered Level 5 of the Dungeon
  3874 | D:5      | Reached XP level 8. HP: 49/49 MP: 10/10
  3902 | D:5      | Found a staircase to the Ecumenical Temple.
  3918 | Temple   | Entered the Ecumenical Temple
  3929 | Temple   | Became a worshipper of Elyvilon the Healer
  4191 | D:5      | Learned a level 3 spell: Call Canine Familiar
  4475 | D:5      | Reached skill level 1 in Spellcasting
  4475 | D:5      | Reached skill level 1 in Summonings
  4623 | D:6      | Noticed sanka's ghost (novice TrSh)
  4652 | D:6      | Found a transporter.
  4652 | D:6      | Noticed a cyclops
  4788 | D:6      | Found an opulent altar of Gozag.
  4834 | D:6      | Reached * piety under Elyvilon
  4870 | D:6      | Found an ornate altar of the Wu Jian Council.
  4882 | D:6      | Found a transporter.
  5091 | D:7      | Found a glowing golden altar of the Shining One.
  5123 | D:7      | Reached skill level 5 in Spellcasting
  5358 | D:7      | Reached skill level 5 in Summonings
  5505 | D:7      | Reached ** piety under Elyvilon
  5554 | D:7      | Found a hazy altar of Hepliaklqana.
  5592 | D:7      | Found a runed translucent door.
  5593 | D:7      | Noticed Crazy Yiuf
  5600 | D:7      | Killed Crazy Yiuf
  5601 | D:7      | Reached XP level 9. HP: 54/54 MP: 18/18
  5712 | D:7      | Reached skill level 1 in Invocations
  5712 | D:7      | Reached skill level 1 in Evocations
  6070 | D:7      | Noticed Prince Ribbit
  6078 | D:7      | Killed Prince Ribbit
  6542 | D:8      | Reached skill level 5 in Invocations
  6746 | D:8      | Identified the +6 falchion of Prudence {spect, rC+ SInv}
  6951 | D:8      | Found a staircase to the Lair.
  7015 | D:8      | Learned a level 1 spell: Apportation
  7019 | D:8      | Learned a level 3 spell: Teleport Other
  7044 | D:8      | Found an ancient bone altar of Kikubaaqudgha.
  7046 | D:8      | Reached *** piety under Elyvilon
  7076 | D:8      | Noticed Psyche
  7083 | D:8      | Killed Psyche
  7141 | D:8      | Found a sparkling altar of Nemelex Xobeh.
  7161 | D:8      | Found a radiant altar of Vehumet.
  7227 | D:8      | Reached XP level 10. HP: 59/59 MP: 19/19
  7282 | D:8      | Noticed a two-headed ogre
  7377 | D:8      | Noticed Grum
  7385 | D:8      | Killed Grum
  7582 | D:8      | Found a shimmering altar of Xom.
  7654 | D:8      | Identified the +0 leather armour of Untold Secrets {rF++}
  7681 | Lair:1   | Entered Level 1 of the Lair of Beasts
  8113 | Lair:1   | Noticed a cane toad
  8123 | Lair:1   | Reached skill level 10 in Invocations
  8799 | Lair:2   | Noticed Gastronok
  8803 | Lair:2   | Noticed a black mamba
  8812 | Lair:2   | Killed Gastronok
  8813 | Lair:2   | Reached XP level 11. HP: 63/63 MP: 21/21
  8829 | Lair:2   | Found a gate leading to a gauntlet.
  8844 | Gauntlet | Entered a Gauntlet
  8844 | Gauntlet | Noticed a fire crab
  8844 | Gauntlet | Noticed a blizzard demon
  8844 | Gauntlet | Found a transporter.
  8844 | Gauntlet | Found a transporter.
  8844 | Gauntlet | Found a transporter.
  8940 | Gauntlet | Found a transporter.
  8943 | Gauntlet | Found a transporter.
  8956 | Gauntlet | Found a transporter.
  8962 | Gauntlet | Found a transporter.
  8981 | Gauntlet | Noticed a catoblepas
  8983 | Gauntlet | Found a transporter.
  8984 | Gauntlet | Found a transporter.
  9042 | Gauntlet | Found a transporter.
  9048 | Gauntlet | Noticed a necromancer
  9052 | Gauntlet | Found a transporter.
  9077 | Gauntlet | Found a transporter.
  9161 | Gauntlet | Identified the amulet "Vousaidi" {RegenMP Dex+5}
  9319 | Gauntlet | Identified the ring "Wuhaseitz" {Fly rF+ rN+ Str+6}
  9335 | Gauntlet | Found the +9 staff of Olgreb {rPois∞}
  9335 | Gauntlet | Noticed a minotaur
  9342 | Gauntlet | Pacified a minotaur
  9371 | Gauntlet | HP: 3/63 [minotaur zombie (16)]
  9747 | Lair:2   | Reached skill level 5 in Evocations
  9834 | Lair:2   | Found a hole to the Spider Nest.
 10147 | Lair:2   | Reached skill level 1 in Shields
 11166 | Lair:3   | Upgraded the game from 0.31.0-9-g3a7656b989 to
                  | 0.31.0-10-gcf4a605ca0
 11278 | Lair:3   | Reached XP level 12. HP: 41/68 MP: 23/23
 11377 | Lair:3   | Reached **** piety under Elyvilon
 11398 | Lair:3   | Noticed an eight-headed hydra
 11408 | Lair:3   | Killed an eight-headed hydra
 11606 | Lair:3   | Found a staircase to the Shoals.
 11746 | Lair:3   | Reached skill level 10 in Evocations
 12036 | Lair:3   | Identified the +2 hand axe of Urgency {speed, ^Contam rPois
                  | rF+ SInv}
 12132 | Lair:3   | Noticed a six-headed hydra
 12139 | Lair:3   | Killed a six-headed hydra
 12432 | Lair:3   | Reached skill level 10 in Staves
 12814 | Lair:4   | Identified the +0 leather armour "Nuxin" {Slay+3}
 12974 | Lair:4   | Noticed a death yak
 12974 | Lair:4   | Noticed a death yak
 12976 | Lair:4   | Noticed a death yak
 12976 | Lair:4   | Noticed a death yak
 12991 | Lair:4   | Killed a death yak
 12995 | Lair:4   | Killed a death yak
 12997 | Lair:4   | Killed a death yak
 13005 | Lair:4   | Reached XP level 13. HP: 60/72 MP: 18/24
 13303 | Lair:4   | Noticed Sonja
 13308 | Lair:4   | Killed Sonja
 13531 | Lair:4   | Reached ***** piety under Elyvilon
 13859 | Lair:5   | Entered Level 5 of the Lair of Beasts
 14160 | Lair:5   | HP: 2/79 [fire crab (9)]
 14605 | Lair:5   | Reached skill level 10 in Fighting
 14635 | Lair:5   | Reached XP level 14. HP: 64/88 MP: 25/25
 14955 | Lair:5   | Found a viscous altar of Jiyva.
 14956 | Lair:5   | Found a staircase to the Slime Pits.
 15339 | Lair:5   | Found a large runed translucent door.
 15339 | Lair:5   | Found a large runed translucent door.
 16325 | D:10     | Entered Level 10 of the Dungeon
 16355 | D:10     | Identified the +0 ring mail of the Minstrel {Int+3}
 16953 | D:11     | Noticed Amaemon
 16977 | D:11     | Killed Amaemon
 17335 | D:11     | Reached skill level 10 in Dodging
 17357 | D:11     | Found a staircase to the Orcish Mines.
 17375 | Orc:1    | Entered Level 1 of the Orcish Mines
 17769 | Orc:2    | Entered Level 2 of the Orcish Mines
 17769 | Orc:2    | Noticed Jorgrun
 17780 | Orc:2    | Killed Jorgrun
 17784 | Orc:2    | Found a staircase to the Elven Halls.
 17841 | Orc:2    | Found a runed translucent door.
 17921 | Orc:2    | Noticed Solx's ghost (journeyman FoHu)
 17928 | Orc:2    | Found Zuciof's Weapon Shop.
 18348 | Orc:2    | Found Rihehi's Magic Scroll Shoppe.
 18391 | Orc:2    | Reached XP level 15. HP: 83/92 MP: 26/26
 18427 | Orc:2    | Found Uplizeu's Book Shop.
 18434 | Orc:2    | Found Anlyrice's Weapon Shop.
 18438 | Orc:2    | Found Elyet's Weapon Shoppe.
 18639 | Orc:2    | Found Unudej's Book Shop.
 18722 | Orc:2    | Bought a book of Beasts for 468 gold pieces
 18779 | Orc:2    | Bought a scroll of teleportation for 33 gold pieces
 18779 | Orc:2    | Bought a scroll of immolation for 44 gold pieces
 18779 | Orc:2    | Bought a scroll of fog for 44 gold pieces
 18779 | Orc:2    | Bought a scroll of fog for 44 gold pieces
 18779 | Orc:2    | Bought a scroll of butterflies for 44 gold pieces
 19344 | D:12     | Reached skill level 15 in Evocations
 19967 | D:13     | Found a gate to the Vaults.
 20242 | D:13     | Identified the +5 scale mail "Nesu" {Dex+3}
 21125 | D:14     | Found Buiralaf's Book Emporium.
 21134 | D:14     | Bought a book of Annihilations for 720 gold pieces
 21228 | D:15     | Entered Level 15 of the Dungeon
 21257 | D:15     | Reached skill level 5 in Armour
 21937 | D:15     | Found a staircase to the Depths.
 21942 | D:15     | Noticed a fire giant
 21944 | D:15     | Killed a fire giant
 21984 | D:15     | Reached skill level 15 in Invocations
 22498 | D:15     | Identified the +5 shortbow "Rinibbe" {drain, Will++}
 22698 | Spider:1 | Entered Level 1 of the Spider Nest
 22838 | Spider:1 | Reached XP level 16. HP: 19/97 MP: 9/29
 25072 | Spider:2 | Reached skill level 10 in Summonings
 25206 | Spider:2 | Identified the +7 flail of Offence {heavy, ^Fragile rN+
                  | Int+3}
 25701 | Spider:2 | Noticed Mlioglotl
 25709 | Spider:2 | Killed Mlioglotl
 26083 | Spider:2 | HP: 2/97 [demonic crawler (9)]
 27308 | Spider:3 | Noticed Azrael
 27316 | Spider:3 | Killed Azrael
 27317 | Spider:3 | Reached XP level 17. HP: 36/102 MP: 24/30
 27518 | Spider:3 | Learned a level 5 spell: Summon Mana Viper
 27526 | Spider:3 | Learned a level 7 spell: Monstrous Menagerie
 27556 | Spider:3 | Reached skill level 1 in Hexes
 28069 | Spider:4 | Entered Level 4 of the Spider Nest
 28561 | Spider:4 | Slain by a spark wasp

Illustrated notes

Levels and vault maps discovered:
D:1:      matt_arrival_grand_opening, layout_basic
D:2:      layout_rooms, chequers_ecumenical_altar_simple, serial_bayou_lake_a
D:3:      layout_basic, mainiacjoe_overflow_alcove_2, kennysheep_slug_shrine
D:4:      layout_basic, lemuel_tele_altar, serial_shops, shop,
          gup_sewer_entry_bowl, grunt_decor_junction, uniq_eustachio
D:5:      layout_loops_ring, minmay_temple_entry_ruins
D:6:      layout_cave_pools, mainiacjoe_overflow_concentric_impassable,
          nzn_wu_jian_contemplation, gammafunk_ghost_arena
D:7:      layout_loops_ring, mainiacjoe_overflow_alcove_4,
          nicolae_overflow_crystal_walls, uniq_prince_ribbit1,
          uniq_crazy_yiuf_cottage
D:8:      layout_cave_pools, nemelex_diamond_rough_becter, old_standard_altar,
          mainiacjoe_overflow_surrounded_room, dk_xom_monty_hall,
          lair_entry_dummy, serial_gnoll_camp, grums_kennel,
          gnoll_camp_mini_basic, gnoll_camp_mini_house, gnoll_camp_mini_basic,
          minmay_between, uniq_psyche
D:9:      layout_loops_ring
D:10:     layout_basic, st_stairs_10
D:11:     layout_cross, uniq_amaemon
D:12:     layout_cave_pools
D:13:     layout_loops_ring, skrybe_vaults_entry_preservation
D:14:     layout_rooms, dk_noncrumbling_3, nicolae_stop_n_shop_2,
          nicolae_zig_zag_zippers
D:15:     grunt_enter_depths_giant_problem, layout_irregular_city,
          minmay_misc_feat_roman, minivault_16
Temple:   hellmonk_temple_of_storms
Lair:1:   layout_loops_ring
Lair:2:   wander_river, layout_layer_cave, spider_nest_entry_funnel_web,
          gauntlet_entry_generic, uniq_gastronok
Lair:3:   cheibrodos_lair_overgrown_chateau, layout_gridlike,
          elwin_shoals_entry_rocks, lemuel_fruit_fields
Lair:4:   layout_regular_city, uniq_sonja
Lair:5:   cheibrodos_lair_end_hotspot, layout_hall_layers,
          nicolae_slime_entry_slimehenge, dreamdust_gnoll_shepherd
Spider:1: layout_spider_delve, nicolae_spider_circle_web
Spider:2: layout_cave_pods, uniq_mlioglotl
Spider:3: layout_spider_delve, uniq_azrael
Spider:4: hellmonk_spider_rune_endless_swarm, uniq_mara, uniq_bai_suzhen
Orc:1:    layout_diamond_mine
Orc:2:    st_orc_elflike, layout_diamond_mine, serial_shops,
          nicolae_square_shop, nicolae_lakefront_shop,
          hellmonk_ghost_happy_afterlife, special_room,
          einodemon_armed_red_devil_minivault, uniq_jorgrun

Skill      XL: |  1  2  3  4  5  6  7  8  9 10 11 12 13 14 15 16 17 |
---------------+----------------------------------------------------+-----
Fighting       | 2 3 4 5 10 | 10.0
Staves         | 4 5 6 11 12 | 12.0
Dodging        | 4 5 6 10 | 10.0
Armour         | 2 4 7 9 |  9.1
Spellcasting   | 5 6 |  6.7
Summonings     | 5 8 13 14 | 14.0
Invocations    | 8 11 12 15 | 15.0
Evocations     | 4 8 10 14 15 | 15.0
Shields        | 4 |  4.0
Hexes          | 4 |  4.2
Throwing       | |  2.0

Action                     |  1- 3 |  4- 6 |  7- 9 | 10-12 | 13-15 | 16-18 || total
---------------------------+-------+-------+-------+-------+-------+-------++-------
  Melee: Quarterstaff      |   101 |   221 |   391 |   183 |       |       ||   896
         Long sword        |       |    19 |       |       |       |       ||    19
         Staff             |       |       |       |   251 |   927 |   454 ||  1632
         Punch             |       |       |       |     1 |       |       ||     1
  Throw: Throwing net      |     3 |     6 |       |       |       |       ||     9
         Dart              |       |       |    21 |     6 |     2 |       ||    29
   Cast: Call Canine Famil |       |       |    14 |    30 |    14 |    10 ||    68
         Summon Mana Viper |       |       |       |       |       |     4 ||     4
 Invoke: Heal Self         |       |       |       |    14 |    34 |    10 ||    58
         Heal Other        |       |       |       |     4 |     3 |     3 ||    10
         Purification      |       |       |       |     3 |     2 |     7 ||    12
Ability: Evoke the Staff o |       |       |       |    27 |    64 |    66 ||   157
  Evoke: Wand              |       |       |     5 |    11 |    48 |     6 ||    70
         Tin of tremorston |       |       |       |       |     7 |     3 ||    10
    Use: Scroll            |     4 |     1 |     9 |     7 |     4 |     4 ||    29
         Potion            |     2 |     1 |     6 |     5 |       |     5 ||    19
   Stab: Held in net/web   |     1 |     2 |       |       |       |       ||     3
         Sleeping          |     1 |       |       |     1 |     2 |       ||     4
         Invisible         |       |       |     2 |       |       |       ||     2
         Distracted        |       |       |       |     3 |     1 |     1 ||     5
 Armour: Leather armour    |    54 |     1 |       |       |       |       ||    55
         Ring mail         |       |   155 |   139 |       |       |       ||   294
         Skin              |       |   168 |    26 |    43 |       |       ||   237
         Acid dragon scale |       |       |   135 |   300 |   374 |       ||   809
         Scale mail        |       |       |       |       |   180 |   463 ||   643
  Dodge: Dodged            |    65 |   153 |   304 |   253 |   526 |   302 ||  1603
  Block: Buckler           |       |       |       |    82 |   298 |   325 ||   705
         Reflection        |       |       |       |       |    15 |     3 ||    18
